cohdb
Replays
Latest Replays
All Replays
Popular Replays
Top Player Replays
Match Explorer
How It Works
Community
CoH3 Stats
Reddit
Sign in to upload your games and track your stats! →
Sign in with Steam
Match 32123642
Unlisted
Match 32123642
Overview
Messages
Build Orders
End
Construct Section Command Post
Infantry Section
Infantry Section
Infantry Section
Construct Platoon Command Post
Selects Air and Sea Battlegroup
Selects Supply Surplus
Construct Field Infirmary
Humber Armored Car
Selects Commando Section Paradrop
Selects M1 Pack Howitzer Paradrop
Commando Section Paradrop
6-pounder Anti-tank Gun Team
Construct Company Command Post
Construct Field Infirmary
Matilda II Heavy Tank
Selects Incendiary Bombing Run
Foot Guards Section
Grenade Package
Royal Engineer Section
Matilda II Heavy Tank
Selects Centaur Medium Tank
Selects Naval Bombardment
Matilda II Heavy Tank
LiamM
Olmak
Rashid al-Din Fadlullah Hamadani
HJT95
Irish_Templar
Naveed #No2IRGC
Thrusher
Hatebasher
0
0
Comments
sign in to comment!
No comments posted yet!